 Dungeon Crawl Stone Soup version 0.28-a0-247-gb8bfbab023 (webtiles) character file.

Game seed: 6238336202753470857

10952 lessens the Markstengu (level 11, -1/66 HPs)
             Began as a Tengu Hunter on Aug 25, 2021.
             Was an Elder of Okawaru.
             Slain by a blink frog (10 damage)
             ... on level 1 of the Lair of Beasts.
             The game lasted 00:23:19 (15810 turns).

lessens the Markstengu (Tengu Hunter)              Turns: 15810, Time: 00:23:19

Health: -1/66      AC: 13    Str: 16    XL:     11   Next: 70%
Magic:  24/24      EV: 18    Int: 12    God:    Okawaru [****..]
Gold:   520        SH:  5    Dex: 14    Spells: 10/10 levels left

rFire   . . .      SeeInvis .   a - +2 shortbow (freeze)
rCold   . . .      Faith    .   (shield currently unavailable)
rNeg    . . .      Spirit   .   H - +0 steam dragon scales
rPois   .          Reflect  +   h - +1 hat
rElec   .          Harm     .   w - +1 cloak
rCorr   .          Rampage  .   E - +2 pair of gloves
Will    +....                   (boots unavailable)
Stlth   +++.......              l - amulet of reflection
HPRegen 0.21/turn               q - ring of willpower
MPRegen 0.19/turn               F - ring of magical power

@: heroic, flying quickly and evasively, quick
A: beak, talons 3, nimble flight
a: Renounce Religion, Heroism, Finesse


You were on level 1 of the Lair of Beasts.
You worshipped Okawaru.
Okawaru was greatly pleased with you.
You visited 3 branches of the dungeon, and saw 12 of its levels.

You collected 758 gold pieces.
You spent 238 gold pieces at shops.

Inventory:

Hand Weapons
 a - a +2 shortbow of freezing (weapon)
 b - a +1 trident of venom
 k - a +3 mace of freezing
 u - a +0 short sword
 A - a +1 shortbow
 C - a +0 long sword
Missiles
 d - 104 arrows (quivered ammo)
 f - 356 stones
 o - 27 poisoned darts
 D - 13 boomerangs
Armour
 c - a +0 leather armour
 h - a +1 hat (worn)
 w - a +1 cloak (worn)
 x - a +0 ring mail
 E - a +2 pair of gloves (worn)
 H - +0 steam dragon scales (worn)
Jewellery
 l - an amulet of reflection (around neck)
 q - a ring of willpower (left hand)
 v - an amulet of faith
 F - a ring of magical power (right hand)
Wands
 m - a wand of acid (3)
 y - a wand of polymorph (9)
Scrolls
 e - 12 scrolls of identify
 g - 4 scrolls of silence
 r - a scroll of amnesia
 B - a scroll of blinking {unknown}
 G - a scroll of magic mapping {unknown}
 I - a scroll of acquirement {unknown}
 J - a scroll of enchant weapon {unknown}
Potions
 i - 3 potions of mutation
 j - a potion of lignification
 s - 2 potions of flight
 t - 3 potions of degeneration
 z - 4 potions of might


   Skills:
 + Level 6.4(11.4) Fighting
 * Level 16.4(21.4) Bows
 - Level 4.0(9.0) Armour
 - Level 2.1(7.1) Dodging
 - Level 1.0(6.0) Stealth
 - Level 5.3 Invocations


You had 10 spell levels left.
You didn't know any spells.
Your spell library contained the following spells:

 Spells                   Type           Power      Damage    Failure   Level
 Corona                   Hex            0%         N/A       32%         1
 Foxfire                  Conj/Fire      0%         2x1d4     32%         1
 Ensorcelled Hibernation  Hex/Ice        0%         N/A       45%         2
 Slow                     Hex            0%         N/A       45%         2
 Confusing Touch          Hex            0%         N/A       69%         3
 Conjure Flame            Conj/Fire      0%         6-21      69%         3
 Ignite Poison            Fire/Tmut/Pois 0%         N/A       69%         3
 Stone Arrow              Conj/Erth      0%         3d7       69%         3
 Ice Form                 Ice/Tmut       0%         N/A       97%         4
 Sticky Flame             Conj/Fire      0%         2d3       97%         4
 Alistair's Intoxication  Tmut/Pois      0%         N/A       100%        5
 Borgnjor's Vile Clutch   Necr/Erth      0%         N/A       100%        5
 Metabolic Englaciation   Hex/Ice        0%         N/A       100%        5
 Yara's Violent Unravell  Hex/Tmut       0%         3d3       100%        5
 Eringya's Noxious Bog    Tmut/Pois      0%         N/A       100%        6
 Lehudib's Crystal Spear  Conj/Erth      0%         10d2      100%        8
 Tukima's Dance           Hex            Unusable   N/A       N/A         3
 Animate Armour           Summ/Erth      Unusable   N/A       N/A         4
 Summon Ice Beast         Ice/Summ       Unusable   N/A       N/A         4

Dungeon Overview and Level Annotations

Branches:
Dungeon (10/15)            Temple (1/1) D:7            Lair (1/6) D:10
    Orc: D:9-12

Altars:
Ashenzari
Cheibriados
Dithmenos
Elyvilon
Fedhas
Gozag
Hepliaklqana
Kikubaaqudgha
Okawaru
Qazlal
Ru
Sif Muna
Trog
Uskayaw
Vehumet
Wu Jian
Xom
Yredelemnul
Zin
The Shining One

Shops:
D:3 (   D:4 [   D:7 *


Innate Abilities, Weirdness & Mutations

You have a beak for a mouth.
You have claws for feet.
Your magical nature lets you fly swiftly and evasively.


Message History

You shoot an arrow. The arrow barely misses the cane toad.
The bullfrog closely misses you.
Fire: 107 arrows
Press: ? - help, Q - select action, (/) - cycle Shift-Dir - straight line, f/p - cane toad
Aim: a cane toad (almost dead, slow, 76% to hit)
You shoot an arrow.
The arrow hits the cane toad but does no damage.
The cane toad is almost dead.
You hear a loud, deep croak! x2
The blink frog barely misses you. The bullfrog hits you.
* * * LOW HITPOINT WARNING * * *
The blink frog completely misses you. The cane toad stings you!
* * * LOW HITPOINT WARNING * * *
You are lethally poisoned!
The cane toad poisons you!
You feel better.
The blink frog blinks!
The bullfrog swells and bulges.
The bullfrog misses you. You block the blink frog's attack.
Fire: 106 arrows
Press: ? - help, Q - select action, (/) - cycle Shift-Dir - straight line, f/p - cane toad
Aim: a cane toad (almost dead, slow, 76% to hit)
You shoot an arrow.
The arrow hits the cane toad but does no damage.
The cane toad is almost dead.
The bullfrog hits you but does no damage.
The cane toad closely misses you. The blink frog barely misses you.
Fire: 105 arrows
Press: ? - help, Q - select action, (/) - cycle Shift-Dir - straight line, f/p - cane toad
Aim: a cane toad (almost dead, slow, 76% to hit)
You shoot an arrow. The arrow hits the cane toad.
The arrow freezes the cane toad.
You kill the cane toad!
Okawaru is honoured by your kill. The bullfrog hits you.
* * * LOW HITPOINT WARNING * * *
The blink frog blinks!
The blink frog closely misses you. The bullfrog misses you.
You fail to use your ability.
You block the blink frog's attack. The blink frog hits you!
You die...

##.....#
###......#
.........####
............##
#.........###
#.....#(....##
##.....###FFF.##
#......#
##FF..##
##.....#
##@...## #...F.#
###...##
#......# #....#
#......# #....#
##.....# ##...##
### #.....#
##...## #..
#.....# #....#
.. #...## ..
##..#########.


You could see 4 blink frogs and a bullfrog.

Vanquished Creatures
  Erica (D:10)
  4 two-headed ogres
  A manticore (D:10)
  An unseen horror (D:9)
  A cane toad (Lair:1)
  Psyche (D:8)
  2 trolls (D:10)
  A raiju (shapeshifter) (D:10)
  A hornet (D:10)
  A wraith (D:9)
  A steam dragon (D:8)
  6 yaks (D:9)
  2 acid dragons
  2 water moccasins
  A sky beast (D:7)
  4 black bears
  4 orc warriors
  An ice beast (D:6)
  A necrophage (D:3)
  An ogre (D:6)
  5 centaurs
  A phantom (D:7)
  A bullfrog (D:8)
  3 gnoll sergeants
  4 scorpions
  6 killer bees
  7 wights
  2 howler monkeys
  5 electric eels (D:7)
  2 centaur zombies
  A bullfrog zombie (D:7)
  4 centaur skeletons
  5 jellies
  2 bullfrog skeletons
  A gnoll shaman (D:4)
  2 orc priests
  3 iguanas
  10 orc wizards
  2 howler monkey zombies
  An adder (D:3)
  14 gnolls
  A howler monkey skeleton (D:6)
  A shadow imp (D:7)
  An ufetubus (D:6)
  2 dart slugs
  4 worms
  22 orcs
  9 endoplasms
  6 giant cockroaches
  3 goblins
  6 hobgoblins
  3 quokkas
  5 ball pythons
  6 bats
  5 frilled lizards
  7 kobolds
  4 rats
203 creatures vanquished.

Vanquished Creatures (others)
  4 fungi (Lair:1)
  2 plants (Lair:1)
6 creatures vanquished.

Grand Total: 209 creatures vanquished

Notes
Turn   | Place    | Note
-------+----------+-------------------------------------------
     0 | D:1      | lessens the Tengu Hunter began the quest for the Orb.
     0 | D:1      | Reached XP level 1. HP: 12/12 MP: 2/2
    47 | D:1      | You fall into a shaft and drop 1 floor!
   514 | D:1      | Reached XP level 2. HP: 17/17 MP: 3/3
   633 | D:1      | Reached skill level 5 in Bows
   991 | D:1      | Reached XP level 3. HP: 21/21 MP: 4/4
  1076 | D:1      | Found a faded altar of an unknown god.
  2365 | D:3      | Reached skill level 6 in Bows
  2365 | D:3      | Reached XP level 4. HP: 25/26 MP: 5/5
  2379 | D:3      | Found an opulent altar of Gozag.
  2571 | D:3      | Found Biehilud's Weapon Emporium.
  2865 | D:3      | Found an ornate altar of the Wu Jian Council.
  3077 | D:3      | Found a sacrificial altar of Ru.
  3429 | D:4      | Gained mutation: Your magical nature lets you fly swiftly
                  | and evasively. [Tengu growth]
  3429 | D:4      | Reached XP level 5. HP: 4/30 MP: 6/6
  3754 | D:4      | Reached skill level 7 in Bows
  3831 | D:4      | Noticed a black bear
  4066 | D:4      | Found Sikh's Armour Boutique.
  4069 | D:4      | Bought a +0 cloak for 58 gold pieces
  4260 | D:4      | Noticed a necrophage
  4274 | D:3      | Killed a necrophage
  4275 | D:3      | Reached skill level 8 in Bows
  4275 | D:3      | Reached XP level 6. HP: 25/35 MP: 7/7
  4889 | D:4      | Reached XP level 7. HP: 37/40 MP: 8/8
  4909 | D:4      | Reached skill level 9 in Bows
  5685 | D:5      | Entered Level 5 of the Dungeon
  5856 | D:5      | Reached skill level 10 in Bows
  6268 | D:5      | Reached skill level 1 in Armour
  6394 | D:5      | Reached XP level 8. HP: 35/44 MP: 9/9
  7046 | D:6      | Reached skill level 11 in Bows
  8055 | D:7      | Found Qebruz's Assorted Antiques.
  8064 | D:7      | Bought a pair of glowing gloves for 180 gold pieces
  8151 | D:7      | Reached XP level 9. HP: 49/49 MP: 10/10
  8353 | D:7      | Reached skill level 12 in Bows
  8772 | D:7      | Found a staircase to the Ecumenical Temple.
  8779 | Temple   | Entered the Ecumenical Temple
  8902 | Temple   | Became a worshipper of Warmaster Okawaru
 10258 | D:7      | Reached skill level 1 in Invocations
 10351 | D:7      | Identified the +6 short sword "Peyfinij" {freeze, rN+
                  | Stlth+}
 10901 | D:8      | Reached skill level 13 in Bows
 11035 | D:8      | Noticed Psyche
 11044 | D:8      | Killed Psyche
 11326 | D:8      | Found a white marble altar of Elyvilon.
 11326 | D:8      | Found a snail-covered altar of Cheibriados.
 11347 | D:8      | Got Yreluud's Disquisition on Congealing Ignition
 11623 | D:8      | Reached * piety under Okawaru
 11624 | D:8      | Reached XP level 10. HP: 56/56 MP: 13/13
 11645 | D:8      | You are sucked into a shaft and drop 1 floor!
 12199 | D:9      | Noticed a two-headed ogre
 12200 | D:9      | Noticed a two-headed ogre
 12221 | D:9      | Killed a two-headed ogre
 12222 | D:9      | Reached skill level 14 in Bows
 12262 | D:9      | Killed a two-headed ogre
 12262 | D:9      | Reached ** piety under Okawaru
 12398 | D:9      | Reached skill level 5 in Invocations
 12400 | D:9      | Reached *** piety under Okawaru
 13129 | D:9      | Reached skill level 15 in Bows
 13409 | D:10     | Entered Level 10 of the Dungeon
 13895 | D:10     | Found a staircase to the Lair.
 14017 | D:10     | Noticed a cane toad
 14017 | D:10     | a hog changed into a cane toad
 14020 | D:10     | a cane toad changed into a raiju
 14046 | D:10     | Reached XP level 11. HP: 23/62 MP: 15/15
 14304 | D:10     | Noticed a two-headed ogre
 14307 | D:10     | Noticed a cyclops
 14313 | D:10     | Killed a two-headed ogre
 14314 | D:10     | Reached skill level 5 in Fighting
 14315 | D:10     | Noticed a seven-headed hydra
 14368 | D:9      | Reached **** piety under Okawaru
 14368 | D:9      | Received a gift from Okawaru
 14622 | D:10     | Noticed Erica
 14933 | D:10     | Noticed a manticore
 14940 | D:10     | Killed a manticore
 14942 | D:10     | Noticed a two-headed ogre
 14953 | D:10     | Killed a two-headed ogre
 14954 | D:10     | Reached skill level 16 in Bows
 14967 | D:10     | Received a gift from Okawaru
 15238 | D:10     | Killed Erica
 15387 | Lair:1   | Entered Level 1 of the Lair of Beasts
 15803 | Lair:1   | HP: 2/65 [cane toad (8)]
 15810 | Lair:1   | Slain by a blink frog

Illustrated notes

Levels and vault maps discovered:
D:1:      giann_forest_graveyard, layout_basic,
          shapermc_ecumenical_altar_totnotflames,
          hangedman_abyss_or_decor_lesser_grid
D:2:      layout_basic
D:3:      layout_basic, nzn_wu_jian_contemplation,
          nicolae_ru_the_path_less_chosen, marbit_many_paths, serial_shops, shop
D:4:      layout_cave_pods, serial_shops, nicolae_shop_window_shopping
D:5:      layout_gridville
D:6:      wad_pebble_path, layout_basic
D:7:      minmay_angry_zag, layout_basic, minmay_temple_entry_grid,
          serial_shops, shop_fountains, kennysheep_boxes
D:8:      layout_basic, gammafunk_temple_overflow_wave,
          minmay_misc_feat_nine_boxes, grunt_decor_fettered, uniq_psyche
D:9:      layout_long_grid, grunt_ministairs_12
D:10:     cheibrodos_fzero, layout_layer_cave, lightli_temple_of_fire,
          nemelex_xobeh_ov_fountains_minmay, lair_entry_dummy, uniq_erica
Temple:   eino_wide_crystal_templ
Lair:1:   lemuel_ratsnest, layout_hall_layers, uniq_maggie

Skill      XL: |  1  2  3  4  5  6  7  8  9 10 11 |
---------------+----------------------------------+-----
Bows           | 5 6 8 10 11 13 15 16 | 16.4
Armour         | 1 4 |  4.0
Fighting       | 4 6 |  6.4
Invocations    | 2 5 |  5.3
Dodging        | |  2.1
Stealth        | |  1.0

Action                   |  1- 3 |  4- 6 |  7- 9 | 10-12 || total
-------------------------+-------+-------+-------+-------++-------
Melee: Short sword       |    77 |    27 |       |       ||   104
       Kick              |    27 |     6 |    64 |    44 ||   141
       Peck              |    13 |       |    34 |    34 ||    81
       Long sword        |       |     5 |    70 |       ||    75
       Mace              |       |       |    56 |       ||    56
       Trident           |       |       |    37 |   164 ||   201
 Fire: Shortbow          |    28 |    75 |   170 |   211 ||   484
Throw: Stone             |       |       |       |     7 ||     7
Invok: Heroism           |       |       |       |     6 ||     6
Evoke: Wand              |       |       |     4 |     6 ||    10
  Use: Potion            |       |     4 |       |     5 ||     9
       Scroll            |       |       |    13 |     2 ||    15
 Stab: Sleeping          |     1 |     1 |     1 |       ||     3
Armor: Leather armour    |    21 |    10 |       |       ||    31
       Ring mail         |       |     7 |    56 |       ||    63
       Steam dragon scal |       |       |     4 |   139 ||   143
Dodge: Dodged            |    36 |    38 |   138 |   175 ||   387
Block: Other             |     9 |    13 |    63 |    82 ||   167
       Reflection        |       |       |     3 |     1 ||     4
       Rpst.: Long sword |       |       |    13 |       ||    13

Table legend: (Time is in decaauts)
 A = Elapsed time spent in this place.
 B = Non-inter-level travel time spent in this place.
 C = Inter-level travel time spent in this place.
 D = Time resting spent in this place.
 E = Time spent auto-exploring this place.
 F = Levels seen in this place.
 G = Mean time per level.
                   A        B        C        D        E       F      G
               +--------+--------+--------+--------+--------+-----+--------+
         Total |  15196 |  14643 |    553 |   2234 |   9722 |  12 | 1266.3 |
       Dungeon |  14619 |  14066 |    553 |   1981 |   9490 |  10 | 1461.9 |
        Temple |    163 |    163 |      0 |     25 |    104 |   1 |  163.0 |
          Lair |    413 |    413 |      0 |    228 |    127 |   1 |  413.0 |
               +--------+--------+--------+--------+--------+-----+--------+

Top non-repeatable levels by time:
     D:7: 2396 daAuts
     D:3: 2155 daAuts
     D:9: 1864 daAuts
    D:10: 1443 daAuts
     D:6: 1380 daAuts
     D:4: 1285 daAuts
     D:2: 1247 daAuts
     D:8: 1034 daAuts
     D:5: 932 daAuts
     D:1: 879 daAuts
  Lair:1: 413 daAuts
  Temple: 163 daAuts
